 Dungeon Crawl Stone Soup version 0.30-a0-923-g828ccac5a3 (webtiles) character file.

Game seed: 15646962254789224598

594 MacCMillion the Cleaver (level 7, -1/57 HPs)
             Began as a Minotaur Fighter on Mar 22, 2023.
             Was an Initiate of Makhleb.
             Slain by Prince Ribbit (5 damage)
             ... on level 5 of the Dungeon.
             The game lasted 00:05:06 (3335 turns).

MacCMillion the Cleaver (Minotaur Fighter)          Turns: 3335, Time: 00:05:07

Health: -1/57      AC:  8    Str: 22    XL:     7   Next: 16%
Magic:  8/8        EV:  9    Int:  5    God:    Makhleb [......]
Gold:   129        SH:  5    Dex: 10    Spells: 6/6 levels left

rFire   + . .      SeeInvis .    a - +0 war axe
rCold   . . .      Faith    .    c - +0 buckler
rNeg    . . .      Spirit   .    b - +0 scale mail
rPois   .          Reflect  .    (helmet restricted)
rElec   .          Rampage  .    (no cloak)
rCorr   .                        l - +0 pair of gloves
Will    .....                    (no boots) Stlth
                                 (no amulet)
HPRegen 0.29/turn                i - ring of protection from fire
MPRegen 0.11/turn                (no ring)

@: no status effects
A: horns 2, retaliatory headbutt
a: Renounce Religion


You were on level 5 of the Dungeon.
You worshipped Makhleb.
Makhleb was noncommittal.
You visited 1 branch of the dungeon, and saw 5 of its levels.

You collected 129 gold pieces.

Inventory:

Hand Weapons
 a - a +0 war axe (weapon)
Missiles
 f - 6 poisoned darts (quivered)
 t - 4 boomerangs
Armour
 b - a +0 scale mail (worn)
 c - a +0 buckler (worn)
 l - a +0 pair of gloves (worn)
Jewellery
 i - a ring of protection from fire (left hand)
 p - a ring of resist corrosion
Wands
 s - a wand of quicksilver (7)
Scrolls
 g - 5 scrolls of identify {unknown}
 h - a scroll of acquirement {unknown}
 j - a scroll of magic mapping {unknown}
 k - a scroll of noise {unknown}
 m - 2 scrolls of enchant armour {unknown}
 n - 2 scrolls of vulnerability {unknown}
 o - a scroll of teleportation {unknown}
 u - a scroll of immolation {unknown}
 v - a scroll of poison {unknown}
Potions
 d - a potion of might
 e - 2 potions of attraction
 q - a potion of ambrosia {unknown}
 r - a potion of flight {unknown}
 w - a potion of heal wounds {unknown}


   Skills:
 - Level 3.6 Fighting
 + Level 8.0 Axes
 - Level 3.7 Armour
 - Level 5.0 Shields
 - Level 3.0 Invocations


You had 6 spell levels left.
You didn't know any spells.
Your spell library contained the following spells:

 Spells                   Type           Power      Damage    Failure   Level
 Lesser Beckoning         Tloc           0%         N/A       95%         2
 Gell's Gravitas          Tloc           0%         N/A       99%         3
 Stone Arrow              Conj/Erth      0%         3d7       99%         3
 Teleport Other           Tloc           0%         N/A       99%         3
 Animate Armour           Summ/Erth      0%         N/A       100%        4
 Lehudib's Crystal Spear  Conj/Erth      0%         10d2      100%        8


Dungeon Overview and Level Annotations

Branches:
Dungeon (5/15)
 Temple: D:4-7

Altars:
Ashenzari
Makhleb
Uskayaw
Zin

Shops:
D:4 *

Annotations:
D:2 Sigmund
D:5 Prince Ribbit


Innate Abilities, Weirdness & Mutations

You have a pair of horns on your head.
You reflexively headbutt those who attack you in melee.


Message History

You throw a poisoned dart.
The poisoned dart closely misses Prince Ribbit.
Prince Ribbit hits you but does no damage.
You slash Prince Ribbit! Your headbutt misses Prince Ribbit.
Prince Ribbit is heavily wounded.
Prince Ribbit hits you.
Prince Ribbit catches a centipede with his tongue.
Prince Ribbit blinks!
You closely miss Prince Ribbit. Your headbutt misses Prince Ribbit.
Prince Ribbit is heavily wounded.
Prince Ribbit hits you!
You hit Prince Ribbit. Your headbutt misses Prince Ribbit.
Prince Ribbit is heavily wounded.
Prince Ribbit hits you. Prince Ribbit hits you!
You are too injured to fight recklessly!
You are too injured to fight recklessly!
You closely miss Prince Ribbit.
Prince Ribbit is heavily wounded.
Prince Ribbit hops awkwardly around.
Prince Ribbit hits you. Prince Ribbit hits you!
* * * LOW HITPOINT WARNING * * *
You closely miss Prince Ribbit.
Prince Ribbit is heavily wounded.
Prince Ribbit blinks!
Prince Ribbit attacks as you move away!
Prince Ribbit hits you but does no damage.
Prince Ribbit blinks!
Prince Ribbit attacks as you move away! Prince Ribbit hits you.
* * * LOW HITPOINT WARNING * * *
You closely miss Prince Ribbit.
Prince Ribbit is moderately wounded.
Prince Ribbit blinks!
Prince Ribbit asks, "Just a little smooch?"
You miss Prince Ribbit.
Prince Ribbit is moderately wounded.
Prince Ribbit blinks!
Prince Ribbit attacks as you move away! Prince Ribbit hits you.
* * * LOW HITPOINT WARNING * * *
Prince Ribbit hits you.
You die...

.###.##...######.....>........#
## ##.#.......................###
.###.##.#.######..#######..#.....
..#.##.##.# #).# ####.#..###
##.....##.# #..# ###....#....#
#####.##.# #..# #...#######.#
#.##.######..###.#....#....#
#................###########
####.######@###### #.#### #F#
#....# #.######.# ####.#
#(.......# #.# ########.# #.# #.#
#.# #.#


You could see Prince Ribbit.

Vanquished Creatures
  A water moccasin (D:5)
  An ogre (D:5)
  2 scorpions (D:5)
  A howler monkey (D:5)
  3 orc priests
  An iguana (D:4)
  2 orc wizards (D:5)
  3 adders
  A shadow imp (D:5)
  A worm (D:4)
  8 orcs
  3 endoplasms
  7 giant cockroaches
  3 hobgoblins
  5 kobolds
  A quokka (D:2)
  2 ball pythons
  7 bats
  A frilled lizard (D:2)
  3 goblins
  2 rats (D:3)
58 creatures vanquished.

Notes
Turn   | Place    | Note
-------+----------+-------------------------------------------
     0 | D:1      | MacCMillion the Minotaur Fighter began the quest for the
                  | Orb.
     0 | D:1      | Reached XP level 1. HP: 19/19 MP: 0/0
   399 | D:1      | Reached XP level 2. HP: 26/26 MP: 1/1
   692 | D:2      | Reached skill level 3 in Axes
   720 | D:2      | Noticed Sigmund
   895 | D:2      | Reached XP level 3. HP: 31/31 MP: 2/2
  1177 | D:3      | Found a broken altar of Ashenzari.
  1475 | D:3      | Found a burning altar of Makhleb.
  1516 | D:3      | Became a worshipper of Makhleb the Destroyer
  1621 | D:3      | Identified the +2 leather armour of the Fiddle {Int+5 SInv}
  1982 | D:4      | Reached skill level 4 in Axes
  1982 | D:4      | Reached skill level 5 in Shields
  1982 | D:4      | Reached XP level 4. HP: 39/39 MP: 3/3
  2081 | D:4      | Found a hide-covered altar of Uskayaw.
  2094 | D:4      | Found Zin's Purification Station.
  2094 | D:4      | Found a glowing silver altar of Zin.
  2365 | D:4      | Reached skill level 1 in Invocations
  2588 | D:5      | Entered Level 5 of the Dungeon
  2798 | D:5      | Reached XP level 5. HP: 45/45 MP: 5/5
  2834 | D:5      | Reached skill level 5 in Axes
  2872 | D:5      | Reached XP level 6. HP: 34/51 MP: 7/7
  2980 | D:5      | Noticed a water moccasin
  3075 | D:5      | Reached skill level 6 in Axes
  3185 | D:5      | Reached skill level 7 in Axes
  3235 | D:5      | Killed a water moccasin
  3236 | D:5      | Reached skill level 8 in Axes
  3236 | D:5      | Reached XP level 7. HP: 56/57 MP: 8/8
  3311 | D:5      | Noticed Prince Ribbit
  3335 | D:5      | Slain by Prince Ribbit

Illustrated notes

Levels and vault maps discovered:
D:1:      eino_arrival_tree_alley, layout_basic
D:2:      layout_rooms, uniq_sigmund
D:3:      layout_loops_corners, bloody_makhleb, cheibrodos_ashenzari_chains
D:4:      layout_loops_ring, zin_purify, lemuel_crystal_altar,
          guppyfry_early_lair_pool
D:5:      layout_loops_ring, nicolae_qazlal_eye_of_the_storm,
          grunt_dithmenos_shadows, uniq_edmund, uniq_prince_ribbit1

Skill      XL: |  1  2  3  4  5  6 |
---------------+-------------------+-----
Shields        | 4 5 |  5.0
Axes           | 3 4 5 8 |  8.0
Invocations    | 2 3 |  3.0
Fighting       | |  3.6
Armour         | |  3.7

Action                     |  1- 3 |  4- 6 |  7- 9 || total
---------------------------+-------+-------+-------++-------
  Melee: War axe           |    67 |    64 |     7 ||   138
         Headbutt          |     9 |     9 |       ||    18
  Throw: Dart              |     1 |     3 |     3 ||     7
    Use: Potion            |       |     3 |       ||     3
 Armour: Scale mail        |    42 |    29 |     2 ||    73
  Dodge: Dodged            |    35 |    22 |       ||    57
  Block: Buckler           |    14 |    14 |       ||    28

Table legend: (Time is in decaauts)
 A = Elapsed time spent in this place.
 B = Non-inter-level travel time spent in this place.
 C = Inter-level travel time spent in this place.
 D = Time resting spent in this place.
 E = Time spent auto-exploring this place.
 F = Levels seen in this place.
 G = Mean time per level.
                   A        B        C        D        E       F      G
               +--------+--------+--------+--------+--------+-----+--------+
         Total |   3380 |   3175 |    205 |    315 |   2390 |   5 |  676.0 |
       Dungeon |   3380 |   3175 |    205 |    315 |   2390 |   5 |  676.0 |
               +--------+--------+--------+--------+--------+-----+--------+

Top non-repeatable levels by time:
     D:3: 840 daAuts
     D:4: 821 daAuts
     D:1: 717 daAuts
     D:5: 559 daAuts
     D:2: 442 daAuts
